[ AOE2 MATCH · #505010507 ]
UnrankedWei vs Goths
Player's team · WIN
Rival team · LOSS
[ REPLAY ANALYSIS · EXTRACTED FROM THE RECORDED GAME ]
Feudal
8:51
Castle
19:11
Imperial
—
| APM avg | 76.4 |
| APM peak | 129 |
| eAPM avg | 34.0 |
| Villagers / military | 98 / 30 |
Focus
⚔️ 54.5% · 🌾 45.5%
Unknown (1944) ×15 · Archer ×13 · Skirmisher ×7 · Mangonel ×6 · Monk ×4
Feudal
11:24
Castle
20:00
Imperial
—
| APM avg | 59.4 |
| APM peak | 101 |
| eAPM avg | 25.6 |
| Villagers / military | 103 / 38 |
Focus
⚔️ 29.6% · 🌾 70.4%
Archer ×15 · Spearman ×8 · Mangonel ×5 · Huskarl ×4 · Militia ×3 · Scorpion ×3
Match map
Initial resources + every placement click. Lines = walls · curves = elevation contours. ◆ gold · ⬟ stone · ● berries · ✦ relic · ◌ wall gap
Your base· Open — opponent sealed themselves in
Mawashigeri's base· ✓ Closed at 20:00 · 65t walls · no gate
Smoothed initial terrain · ◌ = detected wall gap · hover for details
Inputs per minute
— [LuB]myqbox - - Mawashigeri
Build order — [LuB]myqbox
First 150 of 279 actions detected
| 0:00 | Queue | Villager (Male) |
| 0:01 | Queue | Villager (Male) |
| 0:02 | Build | House |
| 0:04 | Build | House |
| 0:09 | Queue | Villager (Male) |
| 0:54 | Queue | Villager (Male) |
| 1:28 | Queue | Villager (Male) |
| 1:53 | Queue | Villager (Male) |
| 1:54 | Build | Lumber Camp |
| 2:21 | Queue | Villager (Male) |
| 2:44 | Queue | Villager (Male) |
| 2:44 | Queue | Villager (Male) |
| 3:19 | Queue | Villager (Male) |
| 3:19 | Queue | Villager (Male) |
| 3:33 | Queue | Villager (Male) |
| 3:56 | Build | House |
| 4:00 | Queue | Villager (Male) |
| 4:01 | Queue | Villager (Male) |
| 4:22 | Build | Mill |
| 4:32 | Queue | Villager (Male) |
| 4:32 | Queue | Villager (Male) |
| 4:33 | Queue | Villager (Male) |
| 4:44 | Queue | Villager (Male) |
| 5:30 | Queue | Villager (Male) |
| 5:30 | Research | Loom |
| 5:49 | Queue | Villager (Male) |
| 5:52 | Research | Loom |
| 6:25 | Research | Feudal Age |
| 6:25 | Research | Feudal Age |
| 7:09 | Build | Palisade Wall |
| 7:13 | Build | Palisade Wall |
| 7:15 | Build | Palisade Wall |
| 7:28 | Build | House |
| 7:29 | Build | Palisade Wall |
| 7:33 | Build | Palisade Wall |
| 7:35 | Build | Palisade Wall |
| 8:11 | Build | House |
| 8:11 | Queue | Villager (Male) |
| 8:16 | Build | Palisade Gate |
| 8:19 | Build | House |
| 8:27 | Build | House |
| 8:33 | Queue | Villager (Male) |
| 8:51 | Age | Feudal Age |
| 9:04 | Research | Double-Bit Axe |
| 9:10 | Queue | Villager (Male) |
| 9:16 | Research | Horse Collar |
| 9:47 | Build | Barracks |
| 9:58 | Queue | Villager (Male) |
| 10:16 | Queue | Villager (Male) |
| 10:45 | Build | Archery Range |
| 11:01 | Queue | Villager (Male) |
| 11:01 | Queue | Villager (Male) |
| 11:06 | Build | Mining Camp |
| 11:20 | Build | Farm |
| 11:32 | Build | House |
| 11:37 | Build | Farm |
| 11:42 | Queue | Villager (Male) |
| 11:43 | Queue | Archer |
| 12:04 | Queue | Villager (Male) |
| 12:07 | Queue | Archer |
| 12:28 | Build | Farm |
| 12:32 | Build | Blacksmith |
| 12:35 | Queue | Villager (Male) |
| 12:44 | Build | Farm |
| 12:54 | Queue | Archer |
| 12:56 | Queue | Villager (Male) |
| 12:59 | Build | Farm |
| 13:11 | Build | Farm |
| 13:16 | Build | Farm |
| 13:25 | Queue | Villager (Male) |
| 13:27 | Queue | Archer |
| 13:46 | Build | Farm |
| 13:49 | Queue | Villager (Male) |
| 13:55 | Research | Fletching |
| 14:01 | Build | Farm |
| 14:15 | Queue | Archer |
| 14:17 | Queue | Villager (Male) |
| 14:19 | Build | Farm |
| 14:36 | Queue | Villager (Male) |
| 14:53 | Build | Farm |
| 15:00 | Build | Farm |
| 15:07 | Queue | Archer |
| 15:08 | Queue | Villager (Male) |
| 15:15 | Build | Farm |
| 15:43 | Queue | Villager (Male) |
| 15:44 | Queue | Archer |
| 15:52 | Build | Farm |
| 16:06 | Build | House |
| 16:07 | Build | House |
| 16:07 | Build | House |
| 16:31 | Research | Castle Age |
| 16:31 | Research | Castle Age |
| 16:57 | Research | Gold Mining |
| 16:59 | Research | Padded Archer Armor |
| 17:08 | Build | Archery Range |
| 17:16 | Queue | Archer |
| 17:30 | Queue | Archer |
| 18:00 | Build | Lumber Camp |
| 18:02 | Queue | Archer |
| 18:05 | Queue | Villager (Male) |
| 18:09 | Queue | Archer |
| 18:11 | Queue | Villager (Male) |
| 18:26 | Queue | Archer |
| 18:35 | Queue | Archer |
| 18:43 | Build | House |
| 18:45 | Build | Palisade Wall |
| 18:58 | Queue | Skirmisher |
| 18:59 | Queue | Skirmisher |
| 19:11 | Age | Castle Age |
| 19:14 | Research | Bodkin Arrow |
| 19:25 | Build | Town Center |
| 19:33 | Queue | Skirmisher |
| 19:34 | Queue | Villager (Male) |
| 19:56 | Queue | Villager (Male) |
| 20:01 | Queue | Villager (Male) |
| 20:08 | Build | Town Center |
| 20:21 | Research | Bow Saw |
| 20:27 | Research | Town Watch |
| 20:27 | Research | Wheelbarrow |
| 20:42 | Queue | Skirmisher |
| 20:43 | Queue | Skirmisher |
| 20:47 | Queue | Villager (Male) |
| 21:02 | Queue | Villager (Male) |
| 21:24 | Research | Elite Skirmisher (upgrade) |
| 21:29 | Queue | Villager (Male) |
| 21:30 | Queue | Skirmisher |
| 21:31 | Queue | Skirmisher |
| 21:39 | Build | Farm |
| 21:40 | Build | Farm |
| 21:44 | Research | Leather Archer Armor |
| 21:44 | Research | Leather Archer Armor |
| 21:49 | Queue | Villager (Male) |
| 21:51 | Queue | Villager (Male) |
| 21:54 | Queue | Villager (Male) |
| 21:56 | Queue | Villager (Male) |
| 22:02 | Build | Siege Workshop |
| 22:15 | Build | Farm |
| 22:16 | Build | Farm |
| 22:22 | Queue | Villager (Male) |
| 22:25 | Queue | Villager (Male) |
| 22:31 | Build | House |
| 22:32 | Build | Palisade Wall |
| 22:43 | Queue | Villager (Male) |
| 22:44 | Queue | Mangonel |
| 22:46 | Queue | Villager (Male) |
| 22:50 | Queue | Villager (Male) |
| 22:50 | Queue | Villager (Male) |
| 23:08 | Build | Farm |
| 23:09 | Queue | Villager (Male) |
| 23:12 | Build | Palisade Gate |
Build order — Mawashigeri
First 150 of 279 actions detected
| 0:00 | Queue | Villager (Male) |
| 0:01 | Build | House |
| 0:02 | Build | House |
| 0:02 | Queue | Villager (Male) |
| 0:04 | Queue | Villager (Male) |
| 0:04 | Queue | Villager (Male) |
| 0:14 | Research | Loom |
| 1:29 | Queue | Villager (Male) |
| 1:58 | Build | Lumber Camp |
| 2:01 | Queue | Villager (Male) |
| 2:32 | Queue | Villager (Male) |
| 2:32 | Queue | Villager (Male) |
| 2:53 | Queue | Villager (Male) |
| 3:21 | Queue | Villager (Male) |
| 3:21 | Queue | Villager (Male) |
| 3:34 | Queue | Villager (Male) |
| 3:51 | Build | House |
| 4:04 | Queue | Villager (Male) |
| 4:35 | Build | Barracks |
| 4:36 | Queue | Villager (Male) |
| 4:52 | Queue | Villager (Male) |
| 5:08 | Build | House |
| 5:17 | Queue | Villager (Male) |
| 5:27 | Queue | Militia |
| 5:30 | Queue | Militia |
| 5:49 | Queue | Militia |
| 5:52 | Queue | Villager (Male) |
| 5:54 | Build | House |
| 6:13 | Queue | Villager (Male) |
| 6:20 | Build | Palisade Wall |
| 6:26 | Build | House |
| 6:27 | Build | Palisade Wall |
| 6:44 | Queue | Villager (Male) |
| 7:01 | Queue | Villager (Male) |
| 7:21 | Build | Mill |
| 7:22 | Queue | Villager (Male) |
| 7:28 | Build | Palisade Wall |
| 7:47 | Queue | Villager (Male) |
| 8:14 | Queue | Villager (Male) |
| 8:23 | Queue | Villager (Male) |
| 8:38 | Build | Palisade Wall |
| 8:57 | Build | Palisade Wall |
| 9:12 | Build | Mining Camp |
| 9:13 | Research | Feudal Age |
| 9:18 | Build | Palisade Wall |
| 9:24 | Build | Palisade Wall |
| 9:55 | Build | Palisade Wall |
| 9:56 | Build | Palisade Wall |
| 9:58 | Build | Palisade Wall |
| 9:59 | Build | Palisade Wall |
| 9:59 | Queue | Villager (Male) |
| 10:02 | Build | House |
| 10:08 | Queue | Villager (Male) |
| 10:16 | Queue | Villager (Male) |
| 10:22 | Build | House |
| 10:29 | Queue | Villager (Male) |
| 10:41 | Queue | Villager (Male) |
| 10:48 | Build | Palisade Wall |
| 10:49 | Build | Palisade Wall |
| 11:02 | Build | Palisade Wall |
| 11:06 | Build | Palisade Wall |
| 11:24 | Age | Feudal Age |
| 11:30 | Build | Archery Range |
| 11:38 | Build | Palisade Wall |
| 11:39 | Build | House |
| 11:47 | Build | Palisade Wall |
| 11:50 | Queue | Villager (Male) |
| 12:05 | Research | Double-Bit Axe |
| 12:05 | Research | Horse Collar |
| 12:22 | Build | Farm |
| 12:23 | Build | Farm |
| 12:25 | Build | Farm |
| 12:27 | Queue | Archer |
| 12:30 | Queue | Villager (Male) |
| 12:43 | Build | Farm |
| 12:56 | Queue | Archer |
| 13:02 | Build | Farm |
| 13:06 | Build | Farm |
| 13:15 | Queue | Archer |
| 13:30 | Build | Farm |
| 13:40 | Build | Farm |
| 14:01 | Queue | Archer |
| 14:08 | Queue | Villager (Male) |
| 14:09 | Queue | Villager (Male) |
| 14:09 | Queue | Villager (Male) |
| 14:23 | Build | Palisade Wall |
| 14:29 | Build | Blacksmith |
| 14:38 | Build | House |
| 14:44 | Queue | Archer |
| 14:45 | Queue | Archer |
| 14:53 | Build | House |
| 15:04 | Build | Farm |
| 15:11 | Research | Fletching |
| 15:31 | Queue | Villager (Male) |
| 15:40 | Queue | Villager (Male) |
| 15:53 | Build | Market |
| 15:54 | Queue | Archer |
| 15:57 | Build | House |
| 16:15 | Queue | Villager (Male) |
| 16:17 | Build | House |
| 16:21 | Build | Farm |
| 16:23 | Build | Farm |
| 16:29 | Queue | Archer |
| 16:41 | Build | Farm |
| 16:54 | Build | House |
| 17:01 | Queue | Archer |
| 17:10 | Build | House |
| 17:20 | Research | Castle Age |
| 17:20 | Research | Castle Age |
| 17:21 | Research | Castle Age |
| 17:26 | Build | Archery Range |
| 17:36 | Queue | Archer |
| 17:44 | Queue | Archer |
| 17:52 | Research | Padded Archer Armor |
| 18:05 | Queue | Archer |
| 18:14 | Queue | Archer |
| 18:26 | Queue | Villager (Male) |
| 18:35 | Build | House |
| 19:03 | Build | Palisade Wall |
| 19:05 | Queue | Archer |
| 19:06 | Queue | Archer |
| 19:07 | Research | Gold Mining |
| 19:13 | Build | Lumber Camp |
| 19:55 | Research | Wheelbarrow |
| 20:00 | Age | Castle Age |
| 20:05 | Build | Siege Workshop |
| 20:10 | Build | Town Center |
| 20:15 | Queue | Villager (Male) |
| 20:31 | Research | Bow Saw |
| 20:54 | Queue | Scorpion |
| 21:05 | Queue | Villager (Male) |
| 21:28 | Queue | Villager (Male) |
| 21:33 | Queue | Scorpion |
| 21:47 | Build | Palisade Wall |
| 21:49 | Queue | Villager (Male) |
| 22:15 | Queue | Villager (Male) |
| 22:26 | Build | Town Center |
| 22:33 | Build | Town Center |
| 22:35 | Queue | Villager (Male) |
| 22:36 | Queue | Villager (Male) |
| 22:48 | Build | Farm |
| 22:51 | Build | Farm |
| 22:53 | Build | Farm |
| 22:59 | Queue | Villager (Male) |
| 22:59 | Queue | Villager (Male) |
| 23:08 | Queue | Scorpion |
| 23:12 | Queue | Villager (Male) |
| 23:17 | Queue | Villager (Male) |
| 23:18 | Queue | Villager (Male) |
| 23:19 | Build | Farm |
Match timeline
| 4:35 | Mawashigeri · first_building Barracks |
| 6:20 | Mawashigeri · wall_segment Palisade Wall x12 |
| 6:27 | Mawashigeri · wall_segment Palisade Wall x15 |
| 7:09 | [LuB]myqbox · wall_segment Palisade Wall x6 |
| 7:13 | [LuB]myqbox · wall_segment Palisade Wall x3 |
| 7:15 | [LuB]myqbox · wall_segment Palisade Wall x6 |
| 7:28 | Mawashigeri · wall_segment Palisade Wall x1 |
| 7:29 | [LuB]myqbox · wall_segment Palisade Wall x3 |
| 7:33 | [LuB]myqbox · wall_segment Palisade Wall x1 |
| 7:35 | [LuB]myqbox · wall_segment Palisade Wall x5 |
| 8:38 | Mawashigeri · wall_segment Palisade Wall x6 |
| 8:51 | [LuB]myqbox · age_up feudal |
| 8:57 | Mawashigeri · wall_segment Palisade Wall x21 |
| 9:18 | Mawashigeri · wall_segment Palisade Wall x1 |
| 9:24 | Mawashigeri · wall_segment Palisade Wall x1 |
| 9:47 | [LuB]myqbox · first_building Barracks |
| 9:55 | Mawashigeri · wall_segment Palisade Wall x1 |
| 9:56 | Mawashigeri · wall_segment Palisade Wall x1 |
| 9:58 | Mawashigeri · wall_segment Palisade Wall x1 |
| 9:59 | Mawashigeri · wall_segment Palisade Wall x1 |
| 10:45 | [LuB]myqbox · first_building Archery Range |
| 10:48 | Mawashigeri · wall_segment Palisade Wall x1 |
| 10:49 | Mawashigeri · wall_segment Palisade Wall x1 |
| 11:02 | Mawashigeri · wall_segment Palisade Wall x1 |
| 11:06 | Mawashigeri · wall_segment Palisade Wall x1 |
| 11:24 | Mawashigeri · age_up feudal |
| 11:30 | Mawashigeri · first_building Archery Range |
| 11:38 | Mawashigeri · wall_segment Palisade Wall x1 |
| 11:47 | Mawashigeri · wall_segment Palisade Wall x1 |
| 14:23 | Mawashigeri · wall_segment Palisade Wall x1 |
| 18:45 | [LuB]myqbox · wall_segment Palisade Wall x8 |
| 19:03 | Mawashigeri · wall_segment Palisade Wall x1 |
| 19:11 | [LuB]myqbox · age_up castle |
| 20:00 | Mawashigeri · age_up castle |
| 20:05 | Mawashigeri · first_building Siege Workshop |
| 21:47 | Mawashigeri · wall_segment Palisade Wall x1 |
| 22:02 | [LuB]myqbox · first_building Siege Workshop |
| 22:32 | [LuB]myqbox · wall_segment Palisade Wall x8 |
| 23:17 | [LuB]myqbox · wall_segment Palisade Wall x4 |
| 23:19 | [LuB]myqbox · wall_segment Palisade Wall x4 |
| 24:03 | [LuB]myqbox · first_building Monastery |
| 26:14 | [LuB]myqbox · first_building Stable |
| 29:00 | Mawashigeri · first_building Castle |
| 29:56 | Mawashigeri · first_market_buy 100 food |
| 30:33 | Mawashigeri · wall_segment Palisade Wall x1 |
| 31:06 | Mawashigeri · resign |
[ AI ANALYSIS · 1 CREDIT ]
What really happened in this match?
Wolo.gg analyzes every decision: build order, eco, micro, common mistakes by bracket. Personalized analysis on WhatsApp or Discord in 30 seconds.
Civ guide
Wei
Perfil
Jugador #1334898